 Dungeon Crawl Stone Soup version 0.31-a0-216-g22e908daa7 (webtiles) character file.

Game seed: 462456918171958870

110 qw the Shooter (level 4, -3/36 HPs)
             Began as a Minotaur Hexslinger on July 2, 2023.
             Slain by a gnoll
             ... wielding a +0 flail
              (7 damage)
             ... on level 3 of the Dungeon.
             The game lasted 00:00:43 (1862 turns).

qw the Shooter (Minotaur Hexslinger)                Turns: 1862, Time: 00:00:45

Health: -3/36      AC:  5    Str: 13    XL:     4   Next: 61%
Magic:  4/4        EV: 11    Int: 10    God:
Gold:   121        SH:  0    Dex: 14    Spells: 4/5 levels left

rFire   . . .        Y - +3 sling
rCold   . . .        (no shield)
rNeg    . . .        g - +0 ring mail
rPois   .            (helmet restricted)
rElec   .            (no cloak)
rCorr   .            (no gloves)
SInv    .            (no boots)
Will    .....        (no amulet)
Stlth   +            (no ring)
HPRegen 0.26/turn    (no ring)
MPRegen 0.09/turn

%: no passive effects
@: no status effects
A: horns 2, retaliatory headbutt
a: no special abilities


You were on level 3 of the Dungeon.
You visited 1 branch of the dungeon, and saw 3 of its levels.

You collected 121 gold pieces.


Innate Abilities, Weirdness & Mutations

You have a pair of horns on your head.
You reflexively headbutt those who attack you in melee.


   Skills:
 + Level 2.0 Fighting
 - Level 5.0 Ranged Weapons
 - Level 1.0 Armour
 - Level 2.1 Dodging
 - Level 1.0 Spellcasting
 - Level 2.0 Hexes


You had 4 spell levels left.
You knew the following spells:

 Your Spells              Type           Power      Damage    Failure   Level
a - Slow                  Hex            16%        N/A       32%         1

Your spell library contained the following spells:

 Spells                   Type           Power      Damage    Failure   Level
 Inner Flame              Hex/Fire       2%         N/A       82%         3
 Portal Projectile        Hex/Tloc       4%         N/A       82%         3
 Cause Fear               Hex            2%         N/A       97%         4

Inventory:

Hand Weapons
 Y - a +3 sling (weapon)
Armour
 d - a +0 pair of boots
 g - a +0 ring mail (worn)
Scrolls
 b - a scroll of teleportation {unknown}
 c - a scroll of revelation {unknown}
 f - 2 scrolls of identify
Potions
 a - 2 potions of magic {unknown}
 h - a potion of might

Dungeon Overview and Level Annotations

Branches:
Dungeon (3/15)

Altars:

Annotations:
D:2 1 runed translucent door, Crazy Yiuf


Message History

The gnoll is almost dead.
The jackal misses you. The jackal barely misses you.
The jackal closely misses you.
You shoot a sling bullet. The sling bullet hits the jackal.
You kill the jackal!
The jackal bites you but does no damage.
The jackal closely misses you. The gnoll hits you with a +0 flail!
The jackal closely misses you. You furiously retaliate!
You headbutt the jackal. The jackal bites you.
The gnoll hits you with a +0 flail.
You shoot a sling bullet. The sling bullet hits the gnoll!
You kill the gnoll!
The jackal bites you but does no damage.
The jackal bites you.
The jackal bites you but does no damage.
The jackal bites you. The gnoll closely misses you.
The jackal barely misses you.
Your Ranged Weapons skill increases to level 5!
You shoot a sling bullet.
The sling bullet completely misses the jackal.
The jackal bites you but does no damage. x2
The jackal closely misses you.
The jackal bites you but does no damage.
The gnoll hits you with a +0 flail! The jackal closely misses you.
You furiously retaliate!
You headbutt the jackal!
You kill the jackal!
The jackal misses you.
You shoot a sling bullet.
The sling bullet closely misses the jackal.
The jackal bites you. The gnoll hits you with a +0 flail.
The jackal barely misses you. x2
You shoot a sling bullet.
The sling bullet barely misses the jackal.
The jackal closely misses you. You furiously retaliate!
You headbutt the jackal!
You kill the jackal!
The jackal completely misses you. You furiously retaliate!
You headbutt the jackal.
You kill the jackal!
The gnoll closely misses you. You furiously retaliate!
You headbutt the gnoll! The gnoll hits you with a +0 flail!
You die...

......# #........#
..>...# #........#
.......##.......##
#...##.........###
##### ##.........#
# ###.###...# .
#.....#.# .
####....#####
##..@....#
#..).g...#
#........#
#.#.....##
#.........#
#.#.......#
..#./.....# ..
.........


You could see a gnoll.

Vanquished Creatures
  A gnoll (D:3)
  2 adders
  A dart slug (D:2)
  6 endoplasms
  A giant cockroach (D:1)
  5 goblins
  8 hobgoblins
  18 jackals
  5 quokkas
  6 ball pythons
  5 bats
  6 frilled lizards
  4 kobolds
  3 rats
71 creatures vanquished.

Notes
Turn   | Place    | Note
-------+----------+-------------------------------------------
     0 | D:1      | qw the Minotaur Hexslinger began the quest for the Orb.
     0 | D:1      | Reached XP level 1. HP: 16/16 MP: 1/1
     0 | D:1      | 0 ||| qw: Version: 0.3-a-39-g4513739
     0 | D:1      | 0 ||| qw: Game counter: 7889
     0 | D:1      | 0 ||| qw: Melee chars always use a shield: true
     0 | D:1      | 0 ||| qw: God list: Okawaru
     0 | D:1      | 0 ||| qw: Allow faded altars: false
     0 | D:1      | 0 ||| qw: Do Orc after clearing Dungeon:15 true
     0 | D:1      | 0 ||| qw: Do second Lair branch before Depths: true
     0 | D:1      | 0 ||| qw: Lair rune preference: random
     0 | D:1      | 0 ||| qw: Goals: Normal
     0 | D:1      | 0 ||| PLANNING D:1-11
    83 | D:1      | HP: 4/16 [ball python (3)]
   177 | D:1      | Reached skill level 3 in Ranged Weapons
   179 | D:1      | Reached XP level 2. HP: 21/23 MP: 2/2
   456 | D:1      | HP: 5/24 [quokka (2)]
   688 | D:1      | Reached XP level 3. HP: 29/29 MP: 3/3
   743 | D:1      | 743 ||| UPGRADING to +0 ring mail.
   753 | D:1      | 753 ||| DROPPING +0 robe.
   754 | D:1      | 754 ||| READING 2 scrolls labelled IJEUFO IHUHI.
   755 | D:1      | 755 ||| READING scroll of enchant weapon.
   755 | D:1      | 755 ||| ENCHANTING +2 sling.
   756 | D:1      | 756 ||| READING 2 scrolls labelled VYGAN QIWK.
   757 | D:1      | 757 ||| DROPPING scroll of poison.
   821 | D:2      | 821 ||| FLEEEEING.
   822 | D:2      | 822 ||| FLEEEEING.
   823 | D:2      | 823 ||| FLEEEEING.
   824 | D:2      | 824 ||| FLEEEEING.
   825 | D:2      | 825 ||| FLEEEEING.
   826 | D:2      | 826 ||| FLEEEEING.
   827 | D:2      | 827 ||| FLEEEEING.
   828 | D:2      | 828 ||| FLEEEEING.
   927 | D:2      | Reached skill level 4 in Ranged Weapons
  1225 | D:2      | Reached skill level 1 in Armour
  1570 | D:2      | Found a runed translucent door.
  1571 | D:2      | Noticed Crazy Yiuf
  1574 | D:2      | 1574 ||| READING scroll labelled HIBLIWUMYRPH.
  1575 | D:2      | 1575 ||| READING scroll labelled MEDEUG RUOBIXT.
  1576 | D:2      | 1576 ||| READING scroll labelled JEOCAN TUITRU.
  1577 | D:2      | 1577 ||| READING 2 scrolls labelled GOMMAR PUER EXT.
  1629 | D:2      | 1629 ||| READING 3 scrolls of identify.
  1629 | D:2      | 1629 ||| IDENTIFYING inky potion
  1630 | D:2      | 1630 ||| DROPPING scroll of torment.
  1664 | D:3      | 1664 ||| STAIRDANCE
  1669 | D:2      | Reached XP level 4. HP: 29/36 MP: 4/4
  1860 | D:3      | Reached skill level 5 in Ranged Weapons
  1861 | D:3      | HP: 4/36 [gnoll/+0 flail (6)]
  1862 | D:3      | Slain by a gnoll

Levels and vault maps discovered:
D:1:      mrwooster_arrival_arrow, layout_basic
D:2:      layout_basic, nicolae_titane, uniq_crazy_yiuf_cottage
D:3:      lemuel_castle_with_subvaults [lemuel_castle_interior_carwin_3],
          layout_rooms, ebering_ghost_rock_garden

Skill      XL: |  1  2  3  4 |
---------------+-------------+-----
Ranged Weapons | 3 4 5 |  5.0
Fighting       | 2 |  2.0
Armour         | 1 |  1.0
Dodging        | |  2.1
Spellcasting   | |  1.0
Hexes          | |  2.0

Action                     |  1- 3 |  4- 6 || total
---------------------------+-------+-------++-------
   Fire: Sling             |   132 |    35 ||   167
    Use: Scroll            |     8 |       ||     8
 Armour: Robe              |     3 |       ||     3
         Ring mail         |    10 |    15 ||    25
  Dodge: Dodged            |    45 |    32 ||    77

Table legend:
 A = Non-vault XP
 B = Vault XP
 C = Vault XP percentage of total XP
 D = Non-vault monster count
 E = Vault monster count
 F = Vault count percentage of total count
                 A         B        C        D         E       F
            +---------+---------+-------+---------+---------+-------
      Total |     139 |      23 |  14.2 |      66 |       5 |   7.0
            +---------+---------+-------+---------+---------+-------
        D:1 |      47 |       0 |   0.0 |      29 |       0 |   0.0
        D:2 |      53 |       0 |   0.0 |      22 |       0 |   0.0
        D:3 |      39 |      23 |  37.1 |      15 |       5 |  25.0
            +---------+---------+-------+---------+---------+-------
